groovejumper, neutral female human Wizard ------ ----------- .R[.[) ----- |.........| |...)[ |...| ##+.........| |.*..P[ |...-# # |.........| ..RR.R.r@ |...|#############..........| |..P.h R #--.--# # ----------- |.)R ################### # ---- # ### # # # # # # # # # ### # -----------.--- # # #|.............| ### -----# #..............| # |...|# |...........<.| ##...>|# --------------- |...-# |...| |...| ----- groovejumper the Thaumaturge Experience level: 8 Strength: 13 Dexterity: 15 Constitution: 12 Intelligence: 16 Wisdom: 13 Charisma: 10 Health: 0(57) Energy: 6(72) AC: 10 Gold: 778 Moves: 2820 Your Inventory: Coins $ - 778 gold pieces Amulets o - an uncursed amulet versus poison Weapons a - a blessed +1 quarterstaff (weapon in hands) Armor b - a blessed burnt +0 cloak of magic resistance (being worn) Comestibles g - an [uncursed] lizard corpse r - 3 [uncursed] lichen corpses W - an [uncursed] fortune cookie Scrolls i - a blessed scroll of magic mapping j - an uncursed scroll of remove curse k - a blessed scroll of gold detection p - 2 uncursed scrolls of light w - an uncursed scroll of taming x - an uncursed scroll of enchant weapon z - an [uncursed] scroll of remove curse B - 7 [uncursed] scrolls of identify C - an uncursed scroll of stinking cloud D - 2 uncursed scrolls of food detection G - an uncursed scroll of create monster H - 3 [uncursed] scrolls of gold detection I - an uncursed scroll of flood J - 2 uncursed scrolls of enchant weapon K - a cursed scroll of teleportation L - 3 [uncursed] scrolls of light N - 2 [uncursed] scrolls of create monster O - a cursed scroll of confuse monster P - a blessed scroll of teleportation Q - an uncursed scroll of enchant armor R - a [cursed] scroll of magic mapping S - a blessed scroll of fire T - a [cursed] scroll of identify U - a [blessed] scroll of remove curse Spellbooks l - a blessed spellbook of force bolt m - an uncursed spellbook of sleep X - an [uncursed] spellbook of stone to flesh Potions f - an uncursed potion of gain level h - 2 uncursed potions of water v - an [uncursed] potion of oil Z - an [uncursed] smoky potion [of extra healing] Rings d - an uncursed ring of poison resistance e - an uncursed +4 ring of increase damage (on right hand) Wands c - an uncursed wand of enlightenment (0:14) Tools n - an uncursed magic marker (0:52) Y - an [uncursed] key [skeleton key] Spells known in the end: Name Level Category Fail Memory a - force bolt 1 attack 0% [|||||||.] b - sleep 1 enchantment 0% [|||||||.] c - knock 1 matter 0% [||||||||] d - haste self 3 escape 91% [||||||||] e - stone to flesh 3 healing 91% [||||||||] Your skills at the end: Fighting Skills Weapon Skills quarterstaff [Basic / Expert] Spellcasting Skills attack spells [Basic / Expert] enchantment spells [Basic / Skilled] Final Attributes: You were piously aligned. Hunger level was 300. Your alignment was 23 / 24. Monster difficulty range was 1 - 8. Level difficulty was 8. You were magic-protected. You had a +4 damage bonus. Your luck was zero. You are dead. Vanquished creatures: 2 small mimics a spotted jelly 2 leprechauns an ice vortex a gnome king a brown pudding a lizard a Woodland-elf a rock piercer a rock mole a pony a fog cloud a yellow light a violet fungus a kobold mummy an elf zombie 2 wax golems 2 little dogs a floating eye a kitten a dwarf 3 homunculi 2 hill orcs 2 giant bats 2 iguanas a large kobold 4 giant rats a brown mold a green mold 8 Keystone Kops 3 gnome zombies a gecko a jackal a kobold a goblin 3 sewer rats 4 grid bugs 4 lichens a kobold zombie 3 newts 71 creatures vanquished. Voluntary challenges: You were an atheist. You used a wielded weapon 69 times. You read items or engraved 10 times. You put on armor 1 time. You never genocided any monsters. You never polymorphed an object. You never changed form. You used no wishes. You wrote Elbereth's name 1 time. You never encountered a bones level. You never used any Sokoban shortcuts. Dungeon overview: The Dungeons of Doom: levels 1 to 8 Level 1 a fountain, some sinks a long staircase Level 2 a fountain Level 3 some fountains stairs to The Gnomish Mines Level 4 a fountain Level 5 a fountain Level 6 a scroll shop, a fountain Level 7 many fountains Level 8 <- You were here The Gnomish Mines: Level 4 stairs to The Dungeons of Doom History has recorded: On T:1 you entered the Dungeons of Doom to retrieve the Amulet of Yendor! On T:306 you reached level 2 of The Dungeons of Doom. On T:331 you advanced to experience level 2. On T:413 you advanced to experience level 3. On T:621 you reached level 3 of The Dungeons of Doom. On T:631 you reached level 5 of The Dungeons of Doom. On T:696 you advanced to experience level 4. On T:722 you reached level 4 of The Dungeons of Doom. On T:830 you reached level 1 of The Gnomish Mines. On T:1059 you advanced to experience level 5. On T:1316 you advanced to experience level 6. On T:1822 you reached level 6 of The Dungeons of Doom. On T:2143 you advanced to experience level 7. On T:2280 you reached level 7 of The Dungeons of Doom. On T:2560 you received advice from The Oracle. On T:2622 you advanced to experience level 8. On T:2675 you reached level 8 of The Dungeons of Doom. Latest messages: [HP-8=2] You add "Elbereth" with your fingers to the writing in the dust. The disenchanter turns to flee! You wear an uncursed +4 ring of increase damage (on right hand). The hobbit picks up a pair of jackboots. The hobbit removes a very rotted pair of hiking boots and puts on a pair of jackboots. The giant rat turns to flee! You hear a crunching sound. [HP+1=3] The rust monster turns to flee! The rust monster eats a thoroughly rusty ring mail! The rust monster turns to flee! The hobbit picks up a sling. The rust monster turns to flee! [HP+1=4] The giant rat turns to flee! The hobbit throws a throwing star! The throwing star hits the giant rat. The giant rat is killed! The rust monster eats a thoroughly rusty throwing star! [HP+1=5] The disenchanter hits! You die... Final status: Goodbye groovejumper the Wizard... You died in The Dungeons of Doom on dungeon level 8 with 6255 points, and 778 pieces of gold, after 2820 moves. You were level 8 with a maximum of 57 hit points when you died.